 Dungeon Crawl Stone Soup version 0.28-a0-1365-g7e0445c96d (webtiles) character file.

Game seed: 2081751784675068630

21519 Lekart the Carver (level 12, 0/130 HPs)
             Began as a Red Draconian Chaos Knight on Dec 31, 2021.
             Was a Plaything of Xom.
             Slain by an eight-headed hydra (2 damage)
             ... summoned by Xom
             ... on level 11 of the Dungeon.
             The game lasted 00:40:30 (19554 turns).

Lekart the Carver (Red Draconian Chaos Knight)     Turns: 19554, Time: 00:40:31

Health: 0/130      AC:  8    Str: 19    XL:     12   Next: 54%
Magic:  22/22      EV: 17    Int: 12    God:    Xom [......]
Gold:   1308       SH:  5    Dex: 16    Spells: 23/25 levels left

rFire   + + .      SeeInvis .   h - +10 zealot's sword {holy, *Rage rN+ EV+3}
rCold   . . .      Faith    .   o - +1 buckler
rNeg    + . .      Spirit   .   (armour unavailable)
rPois   .          Reflect  .   (helmet restricted)
rElec   .          Harm     .   l - scarf {shadows}
rCorr   .          Rampage  .   (no gloves)
Will    .....      Clarity  +   (no boots)
Stlth   ++........              (no amulet)
HPRegen 0.31/turn               u - ring of protection from fire
MPRegen 0.18/turn               (no ring)

@: slowed, very slow
A: breathe fire, AC +8, unfitting armour, fire resistance 1, cold-blooded,
antennae 1, clarity, robust 3, screaming 2, strong 2
a: Breathe Fire, Renounce Religion


You were on level 11 of the Dungeon.
You worshipped Xom.
You were a very special plaything of Xom.
You visited 3 branches of the dungeon, and saw 15 of its levels.

You collected 1420 gold pieces.
You spent 112 gold pieces at shops.

Inventory:

Hand Weapons
 a - a +1 hand axe of chaos
 h - the +10 zealot's sword (weapon) {holy, *Rage rN+ EV+3}
   (Xom gifted it to you on level 3 of the Dungeon)

   It has been blessed by the Shining One to cause great damage to the undead
   and demons.
   Whenever the wielder enters a berserk rage, their allies are berserked
   alongside them.
   EV:        It affects your evasion (+3).
   rN:        It protects you from negative energy.
   *Rage:     It berserks you when you make melee attacks (+20% chance).
 m - a +3 scimitar of flaming
 x - a +6 long sword
Missiles
 b - 15 javelins
 c - 62 poisoned darts (quivered)
 i - 4 throwing nets
 y - 3 curare-tipped darts
Armour
 l - a scarf of shadows (worn)
 o - a +1 buckler (worn)
Jewellery
 u - a ring of protection from fire (left hand)
 v - a +6 ring of dexterity
 z - a ring of wizardry
Wands
 g - a wand of mindburst (7)
 j - a wand of digging (4)
 p - a wand of paralysis (1)
 q - a wand of iceblast (5)
 w - a wand of polymorph (1)
 A - a wand of flame (4)
Scrolls
 n - a scroll of holy word
 t - 5 scrolls of amnesia
 C - a scroll of enchant armour
Potions
 d - 6 potions of curing
 e - 2 potions of might
 f - 3 potions of flight
 k - 2 potions of brilliance
 r - 2 potions of ambrosia
Miscellaneous
 D - a condenser vane
 E - a phial of floods
 H - a phantom mirror


   Skills:
 + Level 7.3 Fighting
 + Level 9.5 Long Blades
 + Level 4.1 Axes
 + Level 8.1 Throwing
 + Level 5.1 Dodging
 + Level 3.4 Stealth
 + Level 2.2 Shields
 * Level 7.0 Spellcasting
 * Level 7.9 Transmutations
 * Level 7.9 Earth Magic
 + Level 2.6 Evocations


You had 23 spell levels left.
You knew the following spells:

 Your Spells              Type           Power      Damage    Failure   Level
a - Passwall              Tmut/Erth      19%        N/A       1%          2

Your spell library contained the following spells:

 Spells                   Type           Power      Damage    Failure   Level
 Sandblast                Erth           46%        2d11      1%          1
 Spider Form              Tmut/Pois      13%        N/A       12%         3
 Stone Arrow              Conj/Erth      26%        3d8       12%         3
 Foxfire                  Conj/Fire      16%        2x1d4     21%         1
 Magic Dart               Conj           16%        1d3       21%         1
 Summon Small Mammal      Summ           16%        N/A       21%         1
 Ignite Poison            Fire/Tmut/Pois 10%        N/A       21%         3
 Call Imp                 Summ           4%         N/A       30%         2
 Ensorcelled Hibernation  Hex/Ice        8%         N/A       30%         2
 Ice Form                 Ice/Tmut       13%        N/A       36%         4
 Call Canine Familiar     Summ           4%         N/A       52%         3
 Conjure Flame            Conj/Fire      4%         6-21      52%         3
 Frozen Ramparts          Ice            8%         1d2       52%         3
 Inner Flame              Hex/Fire       4%         N/A       52%         3
 Mephitic Cloud           Conj/Pois/Air  4%         N/A       52%         3
 Summon Guardian Golem    Hex/Summ       4%         N/A       52%         3
 Flame Wave               Conj/Fire      4%         2d4       89%         4
 Sticky Flame             Conj/Fire      4%         2d3       89%         4
 Summon Ice Beast         Ice/Summ       4%         N/A       89%         4


Dungeon Overview and Level Annotations

Branches:
Dungeon (12/15)            Temple (1/1) D:7            Lair (0/6) D:9
    Orc (2/2) D:11            Elf (0/3) Orc:2

Altars:
Ashenzari
Cheibriados
Dithmenos
Elyvilon
Fedhas
Gozag
Hepliaklqana
Kikubaaqudgha
Makhleb
Nemelex Xobeh
Okawaru
Qazlal
Ru
Sif Muna
Trog
Uskayaw
Vehumet
Wu Jian
Xom
Yredelemnul
Zin
The Shining One
Beogh

Shops:
D:4 (   Orc:2 [=

Annotations:
D:9 exclusion: 2 downstairs
D:10 Erolcha, Joseph
D:12 1 runed translucent door


Innate Abilities, Weirdness & Mutations

You can breathe blasts of fire.
Your fiery red scales are hard. (AC +8)
You cannot fit into any form of body armour.
Your flesh is heat resistant. (rF+)
You are cold-blooded and may be slowed by cold attacks.
You have a pair of small antennae on your head.
You possess an exceptional clarity of mind.
You are extremely robust. (+30% HP)
You frequently scream uncontrollably at your foes.
Your muscles are very strong. (Str +4)


Message History

The eight-headed hydra bites you!
The eight-headed hydra closely misses you.
The eight-headed hydra bites you. The eight-headed hydra bites you!
* * * LOW HITPOINT WARNING * * *
The eight-headed hydra closely misses you.
You climb upwards.
Reactivating autopickup.
There is a stone staircase leading down here. "Fight to survive, mortal."
Okay, then.
The wraith hits you!
* * * LOW HITPOINT WARNING * * *
The wraith drains your vigour!
You feel yourself slow down. The eight-headed hydra bites you.
* * * LOW HITPOINT WARNING * * *
You block the eight-headed hydra's attack.
The eight-headed hydra bites you but does no damage.
The eight-headed hydra bites you.
* * * LOW HITPOINT WARNING * * *
The eight-headed hydra completely misses you.
The eight-headed hydra barely misses you.
You block the eight-headed hydra's attack. x2
The wraith barely misses you. The howler monkey zombie misses you.
The eight-headed hydra bites you.
* * * LOW HITPOINT WARNING * * *
The eight-headed hydra bites you!
* * * LOW HITPOINT WARNING * * *
The eight-headed hydra bites you but does no damage.
The eight-headed hydra misses you.
The eight-headed hydra barely misses you.
The eight-headed hydra closely misses you.
The eight-headed hydra bites you.
* * * LOW HITPOINT WARNING * * *
You block the eight-headed hydra's attack.
The eight-headed hydra bites you but does no damage.
The eight-headed hydra bites you!
* * * LOW HITPOINT WARNING * * *
The eight-headed hydra bites you.
You die...
Xom howls with laughter!

#....8....###.._..#######.....
#.........# ###.### #####'
#.........####..# #.
##.........##...## ##
#.........._#.####### #######
##.^...............>.# #.#....
#..8...>...8......_..# #.#.#.#
#.......[............# #.#.#.#
##..............@.....#####.#.#.#
...#.........#.WDD....#...'.#.#..
####.........#.Z{<....#.###.#.#.#
# #.........#..........# #...#..
####....8....#........### #####'#
..'####...####.######## ###..#
###......## #..# ##...## ##'#####
##.## #..### #.# #..# ##.#####


You could see 2 eight-headed hydras, a wraith (summoned) and a howler monkey
zombie (summoned).

Vanquished Creatures
  Snorg (D:10)
  The ghost of wpisznazwe the Martial Artist, a journeyman DsAK of Lugonu (Orc:2)
  A two-headed ogre (D:9)
  An orc high priest (Orc:2)
  Sonja (D:9)
  A deep elf pyromancer (D:7)
  An orc sorcerer (Orc:1)
  A cyclops (Orc:1)
  A manticore (D:11)
  Maurice (D:9)
  2 elephants (D:9)
  Maggie (D:7)
  2 gargoyles
  An efreet (D:9)
  Psyche (D:9)
  A rime drake (D:8)
  3 trolls
  A meliai (D:9)
  A dream sheep (shapeshifter) (D:9)
  A raiju (Orc:2)
  2 vampires
  Sigmund (D:5)
  2 shadows (D:11)
  3 wraiths
  27 yaks
  4 vampire mosquitoes
  8 wargs
  An acid dragon (D:9)
  A floating eye (D:10)
  2 ice beasts
  11 orc warriors
  A sky beast (D:7)
  3 black bears
  8 ogres
  3 centaurs
  2 phantoms
  2 kobold brigands (D:8)
  3 bullfrogs (D:9)
  2 gnoll sergeants
  A water moccasin zombie (D:5)
  4 scorpions
  A water moccasin skeleton (D:5)
  7 killer bees
  A troll zombie (D:11)
  11 wights
  3 electric eels
  A howler monkey (D:5)
  2 centaur zombies
  A bullfrog zombie (D:5)
  A hound (D:5)
  7 orc priests
  3 centaur skeletons
  A gnoll shaman (D:5)
  2 iguanas (D:6)
  17 orc wizards
  A killer bee zombie (D:6)
  7 ogre zombies (D:11)
  A howler monkey zombie (D:5)
  Robin (D:3)
  16 gnolls
  7 adders
  A shadow imp (D:5)
  2 white imps
  3 worms
  6 dart slugs
  60 orcs
  6 ball pythons
  3 bats
  4 endoplasms
  4 giant cockroaches
  8 goblins
  5 hobgoblins
  13 kobolds
  3 quokkas
  3 training dummies (D:4)
  A frilled lizard (D:1)
  3 goblin skeletons (D:11)
  2 goblin zombies (D:11)
  3 hobgoblin zombies (D:11)
  3 orc skeletons (D:11)
  14 orc zombies (D:11)
  4 rats
357 creatures vanquished.

Vanquished Creatures (collateral kills)
  A yak (D:9)
  A water moccasin (D:5)
  A wight (D:6)
  An orc priest (Orc:2)
4 creatures vanquished.

Vanquished Creatures (others)
  2 kobolds (D:8)
  A plant (D:2)
  4 toadstools (D:1)
  2 withered plants (Orc:2)
9 creatures vanquished.

Grand Total: 370 creatures vanquished

Notes
Turn   | Place    | Note
-------+----------+-------------------------------------------
     0 | D:1      | Lekart the Draconian Chaos Knight began the quest for the
                  | Orb.
     0 | D:1      | Reached XP level 1. HP: 19/19 MP: 1/1
    13 | D:1      | XOM: divination: detect items
    79 | D:1      | XOM: 4-stop teleportation journey
   332 | D:1      | Reached XP level 2. HP: 26/26 MP: 2/2
  1091 | D:2      | XOM: 6-stop teleportation journey
  1115 | D:2      | Reached XP level 3. HP: 27/31 MP: 3/3
  1201 | D:2      | XOM: give mutation
  1201 | D:2      | Gained mutation: You are agile. (Dex +2) [Xom's grace]
  1209 | D:2      | Found an ornate altar of the Wu Jian Council.
  1292 | D:2      | XOM: give mutations
  1292 | D:2      | Gained mutation: You are covered in fur. (AC +1) [Xom's
                  | grace]
  1292 | D:2      | Gained mutation: You possess an exceptional clarity of
                  | mind. [Xom's grace]
  1292 | D:2      | Gained mutation: You expend magic power (3 MP) to
                  | strengthen your wands. [Xom's grace]
  1292 | D:2      | Gained mutation: You are robust. (+10% HP) [Xom's grace]
  1453 | D:2      | XOM: god gift: scroll labelled TODUOCKU LOBB {god gift}
  1662 | D:2      | Noticed a killer bee
  1662 | D:2      | a bat changed into a killer bee
  1665 | D:2      | Killed a killer bee
  1666 | D:2      | Reached skill level 1 in Throwing
  1666 | D:2      | Reached XP level 4. HP: 16/41 MP: 4/4
  2061 | D:3      | Noticed Robin
  2071 | D:2      | XOM: scenery: 1 doors close
  2106 | D:3      | XOM: enchant monster (good)
  2328 | D:3      | XOM: divination: detect items
  2377 | D:3      | XOM: 3-stop teleportation journey
  2571 | D:3      | Killed Robin
  2575 | D:3      | XOM: god gift: +10 zealot's sword {holy, *Rage rN+ EV+3}
  2576 | D:3      | Found the +10 zealot's sword {holy, *Rage rN+ EV+3}
  2672 | D:3      | Reached XP level 5. HP: 47/49 MP: 5/5
  3126 | D:4      | XOM: god gift: book of Geomancy
  3132 | D:4      | Learned a level 2 spell: Passwall
  3404 | D:4      | XOM: give mutations
  3404 | D:4      | Gained mutation: You are very robust. (+20% HP) [Xom's
                  | grace]
  3404 | D:4      | Gained mutation: Your muscles are strong. (Str +2) [Xom's
                  | grace]
  3404 | D:4      | Gained mutation: You are extremely robust. (+30% HP) [Xom's
                  | grace]
  3404 | D:4      | Gained mutation: Your flesh is heat resistant. (rF+) [Xom's
                  | grace]
  3554 | D:4      | Noticed an ogre
  3559 | D:4      | Killed an ogre
  3560 | D:4      | Reached skill level 1 in Long Blades
  3560 | D:4      | Reached skill level 1 in Stealth
  3560 | D:4      | Reached skill level 1 in Earth Magic
  3560 | D:4      | Reached XP level 6. HP: 41/67 MP: 0/6
  3692 | D:4      | You fall into a shaft and drop 1 floor!
  3692 | D:5      | Entered Level 5 of the Dungeon
  3702 | D:5      | Reached skill level 1 in Transmutations
  3894 | D:4      | XOM: summons 2 hostile demons
  3983 | D:4      | Reached skill level 1 in Spellcasting
  3994 | D:4      | XOM: silly message
  4035 | D:4      | Reached skill level 2 in Long Blades
  4109 | D:4      | Found Roveju Peci's Firing Range.
  4120 | D:4      | Bought 5 javelins for 56 gold pieces
  4120 | D:4      | Bought 5 javelins for 56 gold pieces
  4162 | D:4      | Found a hazy altar of Hepliaklqana.
  4342 | D:4      | XOM: confuse monster(s)
  4345 | D:4      | Your scales start taking on a fiery red colour.
  4345 | D:4      | Reached XP level 7. HP: 60/75 MP: 7/9
  4345 | D:4      | Mutation became permanent: Your flesh is heat resistant.
                  | (rF+) [Red Draconian growth]
  4345 | D:4      | Gained mutation: Your flesh is heat resistant. (rF+) [Red
                  | Draconian growth]
  4731 | D:5      | XOM: 2-stop teleportation journey
  5102 | D:5      | Reached skill level 3 in Long Blades
  5285 | D:5      | XOM: cast spell 'Summon Dragon'
  5289 | D:5      | Reached skill level 4 in Long Blades
  5302 | D:5      | Reached XP level 8. HP: 61/85 MP: 11/11
  5442 | D:5      | XOM: 10-stop teleportation journey
  5476 | D:5      | Noticed Sigmund
  5480 | D:5      | Killed Sigmund
  5713 | D:5      | XOM is BORED!
  5819 | D:5      | XOM: cloud trail
  6125 | D:6      | XOM: fake destruction
  6340 | D:6      | XOM: potion effect (curing)
  6354 | D:6      | XOM: enchant monster (good)
  6356 | D:6      | Reached skill level 5 in Long Blades
  6378 | D:6      | Reached XP level 9. HP: 62/94 MP: 13/13
  6532 | D:6      | XOM: noise
  6850 | D:7      | XOM: noise
  6851 | D:7      | XOM: fog
  7046 | D:7      | XOM: polymorph ogre -> sky beast
  7054 | D:7      | Reached skill level 5 in Throwing
  7417 | D:7      | Noticed Maggie
  7421 | D:7      | XOM: summons friendly crimson imp
  7430 | D:7      | Killed Maggie
  7771 | D:7      | XOM: silly message
  7814 | D:7      | XOM: blink monster(s)
  7906 | D:7      | XOM: summons 3 hostile shadow creatures
  8134 | D:7      | XOM: scenery: create altars
  8157 | D:7      | XOM: confuse monster(s)
  8217 | D:7      | Found a staircase to the Ecumenical Temple.
  8363 | D:7      | Noticed a deep elf pyromancer
  8366 | D:7      | Killed a deep elf pyromancer
  8367 | D:7      | Reached skill level 5 in Fighting
  8525 | D:7      | XOM: scenery: summon butterflies
  8649 | Temple   | Entered the Ecumenical Temple
  8785 | D:7      | Reached skill level 5 in Earth Magic
  8834 | D:8      | Reached XP level 10. HP: 105/105 MP: 16/16
  8856 | D:8      | Reached skill level 6 in Long Blades
  8934 | D:8      | XOM: 2-stop teleportation journey
  8961 | D:8      | Identified the +8 dire flail "Ijay" {elec, rC- Str+6 Dex+7}
                  | (Xom gifted it to you on level 8 of the Dungeon)
  8961 | D:8      | XOM: god gift: +8 dire flail "Ijay" {elec, rC- Str+6 Dex+7}
  9149 | D:8      | XOM: 4-stop teleportation journey
  9299 | D:8      | XOM: noise
  9654 | D:9      | Found a staircase to the Lair.
  9654 | D:9      | Noticed an elephant
  9654 | D:9      | XOM: silly message
  9661 | D:9      | Killed an elephant
  9662 | D:9      | Reached skill level 5 in Spellcasting
  9662 | D:9      | Reached skill level 1 in Evocations
  9672 | D:9      | XOM: potion effect (might)
  9675 | D:9      | Reached skill level 5 in Transmutations
  9810 | D:9      | XOM: divination: detect creatures
  9885 | D:9      | XOM: cleaving
  9965 | D:9      | Noticed Psyche
  9974 | D:9      | Killed Psyche
  9975 | D:9      | Reached skill level 7 in Long Blades
 10071 | D:9      | Noticed a two-headed ogre
 10077 | D:9      | Killed a two-headed ogre
 10168 | D:9      | XOM: 3-stop teleportation journey
 10267 | D:9      | Noticed Harold
 10268 | D:9      | XOM: scenery: 1 doors open, 1 doors close
 10271 | D:9      | XOM: confuse monster(s)
 10275 | D:9      | XOM: enchant monster (good)
 10281 | D:9      | XOM: give mutation
 10281 | D:9      | Lost mutation: You are agile. (Dex +2) [Xom's mischief]
 10311 | D:9      | XOM: summons 10 friendly demons
 10586 | D:8      | XOM: noise
 10672 | D:9      | XOM: scenery: 1 doors open
 10775 | D:8      | XOM: scenery: create altars
 10969 | D:9      | Noticed Harold
 10969 | D:9      | Harold changed into Harold the elephant
 10969 | D:9      | XOM: polymorph Harold -> Harold the elephant
 11096 | D:9      | XOM: cleaving
 11097 | D:9      | XOM: cast spell 'Dispersal'
 11188 | D:9      | Killed Harold the elephant
 11189 | D:9      | Reached XP level 11. HP: 83/115 MP: 19/19
 11379 | D:8      | XOM: give mutations
 11379 | D:8      | Gained mutation: You have sharp toenails. [Xom's grace]
 11379 | D:8      | Gained mutation: Your system is resistant to poisons.
                  | (rPois) [Xom's grace]
 11379 | D:8      | Gained mutation: Your mind is acute. (Int +2) [Xom's grace]
 11379 | D:8      | Gained mutation: Your muscles are very strong. (Str +4)
                  | [Xom's grace]
 11475 | D:9      | XOM: scenery: 1 doors close
 11768 | D:9      | Noticed Maurice
 11770 | D:9      | XOM: give mutation
 11770 | D:9      | Lost mutation: You have sharp toenails. [Xom's mischief]
 11777 | D:9      | Killed Maurice
 11818 | D:9      | XOM: summons 6 hostile demons
 11835 | D:10     | Entered Level 10 of the Dungeon
 11836 | D:10     | Noticed Urug
 11843 | D:9      | XOM: draining
 12124 | D:10     | Noticed Fannar
 12124 | D:10     | Noticed Sonja
 12131 | D:9      | Killed Sonja
 12158 | D:9      | XOM: give mutations
 12158 | D:9      | Lost mutation: You are covered in fur. (AC +1) [Xom's
                  | mischief]
 12158 | D:9      | Lost mutation: Your mind is acute. (Int +2) [Xom's
                  | mischief]
 12158 | D:9      | Gained mutation: You are dopey. (Int -2) [Xom's mischief]
 12334 | D:10     | Noticed Fannar
 12334 | D:10     | Fannar changed into Fannar the glowing shapeshifter
 12334 | D:10     | XOM: polymorph Fannar -> Fannar the glowing shapeshifter
 12334 | D:10     | Noticed Fannar
 12334 | D:10     | Fannar the glowing shapeshifter changed into Fannar the
                  | glowing orange brain
 12335 | D:9      | XOM: potion effect (curing)
 12346 | D:9      | XOM: scenery: 1 doors close
 12542 | D:8      | XOM: polymorph yak -> rime drake
 12547 | D:8      | XOM: god gift: scarf of shadows
 12549 | D:8      | XOM: swap monsters
 12915 | D:10     | XOM: fog
 12917 | D:10     | Fannar the glowing orange brain changed into Fannar the
                  | snapping turtle
 12920 | D:10     | Noticed Fannar
 12920 | D:10     | Fannar the snapping turtle changed into Fannar the deep
                  | troll
 12925 | D:9      | Fannar the deep troll changed into Fannar the dream sheep
 12936 | D:9      | XOM: god gift: 30 gold pieces
 13030 | D:10     | Reached skill level 8 in Long Blades
 13036 | D:10     | Reached skill level 1 in Shields
 13078 | D:10     | XOM: swap monsters
 13079 | D:10     | Noticed Snorg
 13082 | D:10     | XOM: swap monsters
 13090 | D:10     | Killed Snorg
 13095 | D:10     | XOM: give mutations
 13095 | D:10     | Lost mutation: You expend magic power (3 MP) to strengthen
                  | your wands. [Xom's mischief]
 13095 | D:10     | Lost mutation: You are dopey. (Int -2) [Xom's mischief]
 13095 | D:10     | Gained mutation: You are dopey. (Int -2) [Xom's mischief]
 13124 | D:10     | XOM: torment (42/115 hp)
 13597 | D:10     | Noticed Urug
 13597 | D:10     | Urug changed into Urug the floating eye
 13601 | D:10     | Paralysed by Urug for 3 turns
 13604 | D:10     | Killed Urug the floating eye
 13679 | D:10     | Noticed Joseph
 13694 | D:10     | Noticed Erolcha
 13700 | D:10     | XOM: silly message
 13796 | D:9      | XOM: silly message
 14010 | D:11     | Identified the +6 quarterstaff "Toruetoz" {holy, Str+3
                  | Dex+5}
 14455 | D:11     | XOM: 1-stop teleportation journey
 14521 | D:11     | XOM: stat loss: -1 Str (18/19)
 14632 | D:11     | XOM: scenery: 1 doors close
 14711 | D:11     | XOM: scenery: 1 doors close
 14712 | D:11     | XOM: give mutations
 14712 | D:11     | Lost mutation: You are dopey. (Int -2) [Xom's grace]
 14712 | D:11     | Gained mutation: You have a pair of small antennae on your
                  | head. [Xom's grace]
 14712 | D:11     | Gained mutation: Your large and strong wings let you fly.
                  | [Xom's grace]
 14774 | D:11     | XOM: god gift: scroll of enchant armour
 14800 | D:11     | Reached XP level 12. HP: 91/126 MP: 21/21
 14851 | D:11     | XOM: cloud trail
 14962 | D:11     | XOM: scenery: create altars
 14966 | D:11     | Found a staircase to the Orcish Mines.
 14967 | D:11     | XOM: scenery: create altars
 14983 | D:11     | XOM: repel stairs
 15380 | Orc:1    | Entered Level 1 of the Orcish Mines
 15416 | Orc:1    | XOM is BORED!
 15416 | Orc:1    | XOM: stat loss: -1 Dex (15/16)
 15441 | Orc:1    | Reached skill level 9 in Long Blades
 16331 | Orc:1    | XOM: confuse monster(s)
 16673 | Orc:1    | XOM: silly message
 17028 | Orc:2    | Entered Level 2 of the Orcish Mines
 17056 | Orc:2    | XOM: confuse monster(s)
 17092 | Orc:2    | Found a runed translucent door.
 17092 | Orc:2    | Noticed wpisznazwe's ghost (journeyman DsAK)
 17135 | Orc:1    | XOM: noise
 17358 | Orc:2    | Killed wpisznazwe's ghost
 17359 | Orc:2    | Reached skill level 5 in Dodging
 17392 | Orc:2    | Found a staircase to the Elven Halls.
 17392 | Orc:2    | XOM: 2-stop teleportation journey
 17634 | Orc:2    | XOM: blink monster(s)
 17660 | Orc:2    | XOM: summons friendly white imp
 17685 | Orc:1    | XOM: scenery: create altars
 18034 | Orc:2    | XOM: god gift: 49 gold pieces
 18121 | Orc:2    | XOM: cast spell 'Discord'
 18396 | Orc:2    | Found Yquq's Armour Shoppe.
 18720 | Orc:2    | XOM: silly message
 18740 | Orc:2    | XOM: give mutations
 18740 | Orc:2    | Lost mutation: Your system is resistant to poisons. (rPois)
                  | [Xom's mischief]
 18740 | Orc:2    | Gained mutation: You occasionally shout uncontrollably at
                  | your foes. [Xom's mischief]
 18740 | Orc:2    | Lost mutation: Your large and strong wings let you fly.
                  | [Xom's mischief]
 18740 | Orc:2    | Gained mutation: You frequently scream uncontrollably at
                  | your foes. [Xom's mischief]
 18805 | Orc:2    | Noticed an orc high priest
 18807 | Orc:2    | Found Nohygy's Jewellery Emporium.
 18807 | Orc:2    | Noticed an orc high priest
 18807 | Orc:2    | XOM: swap monsters
 18810 | Orc:2    | Noticed an orc high priest
 18812 | Orc:2    | Killed an orc high priest
 18815 | Orc:2    | XOM: polymorph orc wizard -> hound
 19061 | Orc:2    | XOM: polymorph death drake -> snapping turtle
 19377 | Orc:1    | XOM: summons 2 hostile demons
 19465 | D:12     | Found a runed translucent door.
 19507 | D:12     | Noticed a centaur warrior
 19534 | D:12     | Noticed a two-headed ogre
 19534 | D:12     | Noticed an eight-headed hydra
 19551 | D:11     | XOM: summons 3 hostile shadow creatures
 19552 | D:11     | Noticed an eight-headed hydra
 19554 | D:11     | HP: 2/130 [eight-headed hydra[Xom] (8)]
 19554 | D:11     | Slain by an eight-headed hydra

Illustrated notes

Levels and vault maps discovered:
D:1:      ldierk_walled_garden_2, layout_loops_corners
D:2:      wander_river, layout_basic, basic_altar, serial_bayou_ford_a,
          minmay_misc_feat_cross
D:3:      layout_basic, uniq_robin
D:4:      layout_loops_corners, nicolae_hepliaklqana_hazy_memory,
          roderic_serpentine_path, nicolae_shop_firing_range
D:5:      layout_gridville, uniq_sigmund
D:6:      layout_basic
D:7:      layout_basic, minmay_temple_entry_mini_moons,
          amcnicky_mini_rare_corridor_liquid, kennysheep_minor_cross,
          guppyfry_early_elven_hall, uniq_maggie
D:8:      layout_loops_ring
D:9:      layout_gridville, david_lair_generic, uniq_harold, uniq_maurice,
          uniq_psyche
D:10:     layout_cave_pools, uniq_erolcha, uniq_fannar, uniq_joseph,
          uniq_gastronok, uniq_urug, uniq_snorg, uniq_sonja
D:11:     layout_roguey, zombieorc2_lemuel
D:12:     layout_roguey, serial_shops, shop_fountains, minmay_st_funbox,
          hangedman_fish_farm
Temple:   grunt_wide_crystal_templ
Orc:1:    layout_caves, basic_altar, nooodl_orcs_dogs
Orc:2:    st_orc_elflike, layout_diamond_mine, gammafunk_ghost_grave,
          serial_shops, nicolae_diamond_shop

Skill      XL: |  1  2  3  4  5  6  7  8  9 10 11 12 |
---------------+-------------------------------------+-----
Axes           | 4 |  4.1
Throwing       | 1 2 3 4 6 7 8 |  8.1
Long Blades    | 1 2 4 5 7 8 9 |  9.5
Stealth        | 1 2 3 |  3.4
Earth Magic    | 1 2 3 5 6 7 |  7.9
Transmutations | 1 2 3 4 5 7 |  7.9
Spellcasting   | 1 2 3 4 5 6 7 |  7.0
Dodging        | 3 4 5 |  5.1
Fighting       | 4 5 6 7 |  7.3
Evocations     | 1 2 |  2.6
Shields        | 1 2 |  2.2

Action                   |  1- 3 |  4- 6 |  7- 9 | 10-12 || total
-------------------------+-------+-------+-------+-------++-------
Melee: Hand axe          |    63 |    22 |       |       ||    85
       Tailslap          |     3 |     3 |    14 |    71 ||    91
       Eudemon blade     |       |    56 |   106 |   522 ||   684
       Kick              |       |       |       |     5 ||     5
Throw: Dart              |    66 |    67 |   151 |   150 ||   434
       Javelin           |       |       |    68 |    17 ||    85
 Cast: Passwall          |       |       |       |     1 ||     1
 Abil: Breathe Fire      |       |       |     1 |    11 ||    12
Evoke: Wand              |       |     5 |     9 |    25 ||    39
  Use: Scroll            |     1 |    10 |     4 |    10 ||    25
       Potion            |       |       |     3 |     2 ||     5
 Stab: Distracted        |     1 |       |       |       ||     1
       Sleeping          |       |     1 |     2 |     3 ||     6
       Paralysed         |       |       |       |     3 ||     3
       Confused          |       |       |       |     2 ||     2
Armor: Skin              |    23 |    43 |    29 |   123 ||   218
Dodge: Dodged            |    61 |    91 |    73 |   425 ||   650
Block: Buckler           |       |       |       |   102 ||   102

Table legend: (Time is in decaauts)
 A = Elapsed time spent in this place.
 B = Non-inter-level travel time spent in this place.
 C = Inter-level travel time spent in this place.
 D = Time resting spent in this place.
 E = Time spent auto-exploring this place.
 F = Levels seen in this place.
 G = Mean time per level.
                   A        B        C        D        E       F      G
               +--------+--------+--------+--------+--------+-----+--------+
         Total |  19500 |  18784 |    716 |   5944 |   9496 |  15 | 1300.0 |
       Dungeon |  15739 |  15112 |    627 |   4440 |   8204 |  12 | 1311.6 |
        Temple |     69 |     53 |     16 |      0 |     37 |   1 |   69.0 |
  Orcish Mines |   3691 |   3619 |     72 |   1504 |   1255 |   2 | 1845.5 |
               +--------+--------+--------+--------+--------+-----+--------+

Top non-repeatable levels by time:
     D:9: 2548 daAuts
     D:8: 2281 daAuts
   Orc:1: 2174 daAuts
    D:11: 1733 daAuts
     D:5: 1554 daAuts
     D:7: 1519 daAuts
   Orc:2: 1517 daAuts
     D:4: 1481 daAuts
     D:2: 1240 daAuts
     D:1: 1079 daAuts
     D:6: 1015 daAuts
     D:3: 832 daAuts
    D:10: 380 daAuts
    D:12: 72 daAuts
  Temple: 69 daAuts
